Map: 亚历山大港 - 天梯版

Players

Dark - Winner!

  • Race: Zerg Zerg
  • League: Gold

Sioras

  • Race: Zerg Zerg

Event: WESG 2018 Grand Finals

VOD

Have the link to the VOD?

Description

Time

  • Played on: March 11, 2019, 5:21 a.m.
  • Length: 4:50

All games in this series

Show
View Real Time Build Order
Export as new Build Order

Dark Zerg - Winner!

Build Orders: Hatch First, Zergling Baneling 

Get SALT Encoding   

  12  0:00  Drone  
  13  0:13  Overlord  
  13  0:17  Drone  
  14  0:31  Drone x2  
  14  0:35  Drone  
  17  0:52  Hatchery  
  17  0:55  Drone  
  17  0:59  Drone  
  18  1:10  Extractor  
  17  1:14  Spawning Pool  
  17  1:17  Drone  
  17  1:20  Drone  
  18  1:29  Drone  
  19  1:41  Drone  
  20  1:52  Overlord  
  20  2:01  Drone  
  20  2:04  Queen x2  
  20  2:07  Drone  
  26  2:11  Metabolic Boost  
  26  2:16  Zergling x4  
  26  2:22  Zergling x2  
  29  2:27  Drone  
  30  2:32  Baneling Nest  
  29  2:37  Drone x2  
  31  2:49  Overlord  
  31  2:50  Drone  
  32  2:57  Hatchery  
  31  3:01  Drone  
  31  3:03  Zergling x2  
  33  3:15  Zergling x8  
  33  3:16  Zergling x2  
  33  3:19  Zergling x2  
  39  3:22  Zergling x2  
  39  3:24  Zergling x2  
  41  3:30  Overlord  
  41  3:31  Zergling x2  
  42  3:34  Baneling  
  42  3:35  Baneling x3  
  42  3:37  Baneling  
  42  3:39  Zergling x2  
  43  3:44  Zergling x2  
  43  3:46  Baneling  
  44  3:54  Zergling x8  
  46  4:08  Zergling x10  
  50  4:10  Baneling x2  
  50  4:13  Zergling x2  
  51  4:21  Zergling x4  
  53  4:25  Zergling x6  
  53  4:30  Zergling x6  
Show
View Real Time Build Order
Export as new Build Order

Sioras Zerg 

Build Orders: Pool First 

Get SALT Encoding   

  12  0:00  Drone  
  13  0:08  Drone  
  14  0:17  Overlord  
  14  0:23  Drone, Extractor  
  15  0:35  Drone x2  
  17  0:45  Spawning Pool  
  17  0:49  Drone  
  17  1:09  Hatchery  
  16  1:12  Drone  
  17  1:20  Extractor  
  16  1:32  Zergling x6  
  19  1:34  Queen  
  21  1:43  Overlord  
  21  1:55  Drone  
  22  2:04  Drone  
  23  2:09  Queen  
  25  2:16  Drone  
  26  2:23  Queen  
  26  2:24  Drone  
  26  2:26  Drone  
  30  2:32  Drone  
  31  2:43  Drone  
  32  2:47  Overlord  
  32  2:48  Drone x2  
  32  2:49  Drone  
  35  2:55  Drone  
  36  3:00  Lair  
  36  3:06  Drone x2  
  36  3:07  Drone  
  36  3:12  Evolution Chamber  
  38  3:18  Roach Warren  
  37  3:21  Drone  
  37  3:22  Drone  
  37  3:24  Drone  
  40  3:27  Drone  
  40  3:29  Drone  
  40  3:31  Drone  
  40  3:34  Drone  
  44  3:44  Overlord, Extractor  
  44  3:46  Drone  
  36  4:05  Roach x7  
  38  4:13  Roach  
Tags
 
Add a new tag
Caveats
  • Supply blocks, unpowered buildings, or Contaminate may cause inaccurate times.
  • Supply counts are checked every 10 seconds.